 Dungeon Crawl Stone Soup version 0.21.1-1-g345015fe64 (webtiles) character file.

112 Oravi the Shield-Bearer (level 5, -3/36 HPs)
             Began as a Halfling Fighter on Mar 27, 2018.
             Slain by Crazy Yiuf
             ... wielding a +3 quarterstaff of chaos
              (10 damage)
             ... on level 2 of the Dungeon.
             The game lasted 00:05:53 (1237 turns).

Oravi the Shield-Bearer (Halfling Fighter)          Turns: 1237, Time: 00:05:54

Health: -3/36      AC:  7    Str: 23    XL:     5   Next: 16%
Magic:  5/5        EV: 10    Int:  6    God:
Gold:   84         SH: 10    Dex: 14    Spells: 4/4 levels left

rFire    . . .     SeeInvis .   a - +0 rapier
rCold    . . .     Gourm    .   c - +0 shield
rNeg     . . .     Faith    .   b - +0 scale mail
rPois    .         Spirit   .   (no helmet)
rElec    .         Reflect  .   (no cloak)
rCorr    .         Harm     .   (no gloves)
MR       .....                  (no boots)
Stlth    ..........             (no amulet)
HPRegen  0.12/turn              (no ring)
MPRegen  0.09/turn              (no ring)

@: mighty, lethally poisoned (-3 -> -21)
A: small, mutation resistance 1
a: no special abilities


You were on level 2 of the Dungeon.
You were not hungry.

You visited 1 branch of the dungeon, and saw 3 of its levels.

You collected 84 gold pieces.

Inventory:

Hand Weapons
 a - a +0 rapier (weapon)
Missiles
 g - 73 stones (quivered)
 i - 34 sling bullets
Armour
 b - a +0 scale mail (worn)
 c - a +0 shield (worn)
Wands
 v - a wand of enslavement (16)
Scrolls
 e - 2 scrolls of magic mapping {unknown}
 j - 5 scrolls of identify {unknown}
 l - a scroll of random uselessness {unknown}
 m - 2 scrolls of blinking {unknown}
 n - a scroll of amnesia {unknown}
 p - a scroll of noise {unknown}
 q - a scroll of enchant armour {unknown}
 s - a scroll of teleportation {unknown}
Potions
 h - a potion of lignification {unknown}
 k - a potion of cancellation {unknown}
 o - a potion of resistance {unknown}
 r - 2 potions of ambrosia {unknown}
 t - a potion of mutation {unknown}
 u - a potion of haste {unknown}
Comestibles
 f - 6 rations


   Skills:
 + Level 3.0 Fighting
 + Level 3.5 Short Blades
 + Level 3.9 Armour
 + Level 0.7 Dodging
 + Level 4.6 Shields


You had 4 spell levels left.
You didn't know any spells.

Dungeon Overview and Level Annotations

Branches:
Dungeon (3/15)

Altars:
Fedhas
Okawaru
Wu Jian

Annotations:
D:2 Crazy Yiuf


Innate Abilities, Weirdness & Mutations

You are small and have problems with some larger weapons.
You are somewhat resistant to further mutation.


Message History

You are too injured to fight recklessly!
You are too injured to fight recklessly!
You are too injured to fight recklessly!
You closely miss Crazy Yiuf.
Crazy Yiuf is heavily wounded.
You feel sick. You block Crazy Yiuf's attack.
You feel very mighty all of a sudden.
You feel sick. You block Crazy Yiuf's attack.
You closely miss Crazy Yiuf.
Crazy Yiuf is heavily wounded.
You feel sick.
Crazy Yiuf hits you with a quarterstaff of chaos.
* * * LOW HITPOINT WARNING * * *
You are lethally poisoned!
Your shield prevents you from hitting Crazy Yiuf.
Crazy Yiuf is heavily wounded.
* * * LOW HITPOINT WARNING * * *
You feel sick.
Crazy Yiuf hits you with a quarterstaff of chaos!
You die...

'.........+
#....#
#.........#
♣....♣
##.......##
♣♣P..♣
##.....##
♣♣.♣♣
##..)## ♣♣.♣
##'## ♣.♣♣
#.# ♣♣.♣ #.#
♣.♣♣ ##.##
#@#
####...##
#.g.#
........####
#...#
####^......#
#)..#
#####..#####
#####
.......#
#####..# #
#..#
#####..#


You could see Crazy Yiuf.

Vanquished Creatures
  An adder (D:1)
  4 gnolls (D:2)
  An ooze (D:1)
  A worm (D:2)
  2 leopard geckos
  A ball python (D:1)
  8 bats
  4 giant cockroaches
  6 goblins
  8 hobgoblins
  5 kobolds
  6 frilled lizards
  6 rats
53 creatures vanquished.

Notes
Turn   | Place    | Note
-------+----------+-------------------------------------------
     0 | D:1      | Oravi the Halfling Fighter began the quest for the Orb.
     0 | D:1      | Reached XP level 1. HP: 15/15 MP: 1/1
    41 | D:1      | Reached XP level 2. HP: 10/20 MP: 2/2
   276 | D:1      | Reached XP level 3. HP: 25/25 MP: 3/3
   282 | D:1      | Reached skill level 4 in Shields
   557 | D:2      | Reached XP level 4. HP: 24/30 MP: 4/4
   574 | D:2      | Found an iron altar of Okawaru.
   811 | D:3      | Reached XP level 5. HP: 36/36 MP: 5/5
  1060 | D:2      | Found an ornate altar of the Wu Jian Council.
  1060 | D:2      | Found a blossoming altar of Fedhas.
  1222 | D:2      | Found a runed door.
  1226 | D:2      | Noticed Crazy Yiuf
  1237 | D:2      | Slain by Crazy Yiuf

Skill      XL: |  1  2  3  4 |
---------------+-------------+-----
Shields        | 4 |  4.6
Fighting       | 3 |  3.0
Short Blades   | 3 |  3.5
Armour         | |  3.9
Dodging        | |  0.7

Action                   |  1- 3 |  4- 6 || total
-------------------------+-------+-------++-------
Melee: Rapier            |    98 |    73 ||   171
  Use: Potion            |       |     1 ||     1
  Eat: Chunk             |       |     1 ||     1
Armor: Scale mail        |    61 |    15 ||    76
Dodge: Dodged            |    43 |    17 ||    60
Block: Shield            |    70 |    30 ||   100
